Construct Field Infirmary
Construct Section Command Post
Construct Platoon Command Post
Selects Air and Sea Battlegroup
Selects Commando Section Paradrop
Commando Section Paradrop
Construct Company Command Post
Commando Section Paradrop
Selects Naval Bombardment
Commando Section Paradrop
Selects Commando Support Section Paradrop
Selects Incendiary Bombing Run
Selects Commando Support Section Paradrop
Selects Incendiary Bombing Run